[Event "OGD Prinsenstad-toernooi - A groep"]
[Site "Delft"]
[Date "2010.04.04"]
[Round "6.1"]
[White "Nikolic, Pedrag"]
[Black "Fedorchuk, Sergey"]
[Result "1/2-1/2"]
[ECO "E11"]
[WhiteElo "2596"]
[BlackElo "2649"]
[PlyCount "141"]
[EventDate "2010.04.02"]
[EventType "tourn"]
[EventRounds "6"]
[EventCountry "NED"]
[Source "DSC"]
[SourceDate "2010.02.04"]
[TimeControl "6300"]

1. d4 Nf6 2. c4 e6 3. Nf3 Bb4+ 4. Bd2 Bxd2+ 5. Qxd2 d5 6. g3 c6 7. Qc2 b6 8.
Bg2 Ba6 9. Nbd2 O-O 10. O-O Nbd7 11. Rac1 Rc8 12. Rfd1 Qc7 13. e3 Qb8 14. b4 c5
15. dxc5 bxc5 16. b5 Bb7 17. a4 Nb6 18. Ne1 dxc4 19. Bxb7 Qxb7 20. Nxc4 Nxc4
21. Qxc4 Nd7 22. Nd3 h6 23. a5 Rb8 24. Rb1 Qc7 25. Ra1 Rb7 26. f4 Rfb8 27. Rdb1
Qd6 28. e4 e5 29. fxe5 Nxe5 30. Nxe5 Qxe5 31. Ra2 Rd8 32. Rc2 Rd4 33. Qxc5 Qxe4
34. Rf1 Rb4 35. b6 axb6 36. axb6 R4xb6 37. Qc8+ Kh7 38. Qf5+ Qxf5 39. Rxf5 g6
40. Rfc5 h5 41. h4 Kg7 42. Kg2 Rb3 43. R5c3 Rb1 44. Rc7 Rxc7 45. Rxc7 Rb2+ 46.
Kf3 Rb3+ 47. Kf4 Kf6 48. Rc6+ Ke7 49. Rc7+ Ke6 50. Rc6+ Kd7 51. Ra6 Rd3 52.
Ra7+ Ke6 53. Ra6+ Rd6 54. Ra7 Rd4+ 55. Ke3 Rd5 56. Ke4 Rd6 57. Ra8 Rb6 58. Ra5
Rb4+ 59. Kf3 Rd4 60. Ke3 Rd5 61. Ra7 f6 62. Ke4 Re5+ 63. Kf4 g5+ 64. hxg5 fxg5+
65. Kf3 g4+ 66. Kf4 Rf5+ 67. Ke4 Rf3 68. Ra5 Rxg3 69. Rxh5 Ra3 70. Kf4 Ra4+ 71.
Kg3 1/2-1/2

[Event "OGD Prinsenstad-toernooi - A groep"]
[Site "Delft"]
[Date "2010.04.04"]
[Round "6.2"]
[White "Reinderman, Dimitri"]
[Black "Meng, Roger"]
[Result "1-0"]
[ECO "A26"]
[WhiteElo "2578"]
[BlackElo "2167"]
[PlyCount "67"]
[EventDate "2010.04.02"]
[EventType "tourn"]
[EventRounds "6"]
[EventCountry "NED"]
[Source "DSC"]
[SourceDate "2010.02.04"]
[TimeControl "6300"]

1. c4 e5 2. g3 Nc6 3. Nc3 g6 4. Bg2 Bg7 5. e4 d6 6. Nge2 Nge7 7. d3 Be6 8. Nd5
Nd4 9. Nxd4 exd4 10. Bg5 Bxd5 11. cxd5 O-O 12. h4 h6 13. Bd2 Qe8 14. O-O Qb5
15. Qc2 c6 16. a4 Qb6 17. b4 cxd5 18. exd5 Rac8 19. Qb3 Rc7 20. Rfe1 Kh7 21.
Rab1 a6 22. Qd1 Ng8 23. h5 Nf6 24. hxg6+ fxg6 25. Re6 Rcf7 26. Bf4 Ne8 27. Qe2
Qd8 28. Re1 Nf6 29. Bxd6 Qd7 30. Bxf8 Bxf8 31. Qe5 Ng4 32. Qe4 Nxf2 33. Qxg6+
Kh8 34. Rf6 1-0

[Event "OGD Prinsenstad-toernooi - A groep"]
[Site "Delft"]
[Date "2010.04.04"]
[Round "6.3"]
[White "Goes, Sten"]
[Black "Slingerland, Fred"]
[Result "0-1"]
[ECO "B67"]
[WhiteElo "2067"]
[BlackElo "2385"]
[PlyCount "86"]
[EventDate "2010.04.02"]
[EventType "tourn"]
[EventRounds "6"]
[EventCountry "NED"]
[Source "DSC"]
[SourceDate "2010.02.04"]
[TimeControl "6300"]

1. e4 c5 2. Nf3 Nc6 3. d4 cxd4 4. Nxd4 Nf6 5. Nc3 d6 6. Bg5 e6 7. Qd2 a6 8.
O-O-O Bd7 9. f4 b5 10. e5 dxe5 11. Nxc6 Bxc6 12. Qxd8+ Rxd8 13. Rxd8+ Kxd8 14.
fxe5 h6 15. Bxf6+ gxf6 16. exf6 Rg8 17. Be2 Rxg2 18. Rd1+ Ke8 19. Bd3 Rxh2 20.
a4 b4 21. Ne2 Bxa4 22. Nd4 Bd7 23. Bxa6 Rf2 24. Rf1 Rxf1+ 25. Bxf1 Bd6 26. Nf3
Bc6 27. Nd4 Bd5 28. Bb5+ Kd8 29. c4 bxc3 30. bxc3 Be5 31. c4 Bb7 32. Nc6+ Bxc6
33. Bxc6 Bxf6 34. Kd2 Bd4 35. Kd3 Bc5 36. Ke4 Ke7 37. Kf4 f5 38. Ba4 Kf6 39.
Bc2 e5+ 40. Kf3 Kg5 41. Bb1 h5 42. Bc2 h4 43. Bb1 e4+ 0-1

[Event "OGD Prinsenstad-toernooi - A groep"]
[Site "Delft"]
[Date "2013.03.29"]
[Round "1.1"]
[White "Bakker, Guido"]
[Black "Smeets, Jan"]
[Result "0-1"]
[ECO "E21"]
[WhiteElo "2115"]
[BlackElo "2627"]
[PlyCount "46"]
[EventDate "2013.03.29"]
[EventType "swiss"]
[EventRounds "6"]
[EventCountry "NED"]
[Source "DSC"]
[SourceDate "2013.02.04"]
[TimeControl "6000+10"]

1. d4 Nf6 2. c4 e6 3. Nf3 b6 4. Nc3 Bb7 5. g3 Bb4 6. Qc2 Nc6 7. Rg1 Na5 8. Nd2 c5 9. e3 O-O 10. b3 cxd4 11. exd4 d5 12. a3 Be7 13. cxd5 Nxd5 14. Bb2 Rc8 15. Qd3 Qd7 16. Be2 Nxc3 17. Bxc3 Ba6 18. Qe3 Bxe2 19. Kxe2 Nxb3 20. Nxb3 Qb5+ 21. Kf3 Qd5+ 22. Ke2 Qxb3 23. Bb4 Qb2+ 0-1

[Event "OGD Prinsenstad-toernooi - A groep"]
[Site "Delft"]
[Date "2013.03.29"]
[Round "1.2"]
[White "L'Ami, Erwin"]
[Black "Blum, Gernot"]
[Result "1-0"]
[ECO "A42"]
[WhiteElo "2615"]
[BlackElo "2105"]
[PlyCount "136"]
[EventDate "2013.03.29"]
[EventType "swiss"]
[EventRounds "6"]
[EventCountry "NED"]
[Source "DSC"]
[SourceDate "2013.02.04"]
[TimeControl "6000+10"]

1. d4 d6 2. Nf3 g6 3. c4 Bg7 4. Nc3 e5 5. e4 Nd7 6. Be2 Ne7 7. h4 h6 8. h5 g5
9. d5 f5 10. g4 f4 11. Nd2 c6 12. f3 c5 13. a3 Kf7 14. b4 b6 15. Nb5 Nf6 16.
bxc5 bxc5 17. Nb3 a6 18. Nc3 Qc7 19. Bd2 Bd7 20. Bd3 Rhb8 21. Bc2 Nc8 22. Nc1
Ra7 23. Rh2 Rab7 24. Bb3 Bf8 25. Kf1 Be7 26. Be1 Bd8 27. Rha2 Ne7 28. Ba4 Qc8
29. Bxd7 Nxd7 30. Na4 Ng8 31. Nd3 Ngf6 32. Bc3 Bc7 33. Rb2 Rxb2 34. Naxb2 Ke7
35. Ke1 Qd8 36. Qa4 Qc8 37. Nf2 Qb7 38. Kd2 Nb6 39. Qc2 Nbd7 40. Nfd3 Qc8 41.
Rg1 Qd8 42. Qa4 Qc8 43. Kc2 Nb6 44. Qc6 Nbd7 45. Na4 Qb7 46. Qxb7 Rxb7 47. Bxe5
Nxe5 48. Nxe5 dxe5 49. Nxc5 Rb6 50. Nd3 Nd7 51. c5 Rb5 52. d6+ Bxd6 53. cxd6+
Kxd6 54. Rd1 Ke6 55. Nb4 Nb8 56. Rd8 Nc6 57. Rh8 Nd4+ 58. Kd3 a5 59. Rxh6+ Kf7
60. Nc6 Nxf3 61. Rh7+ Kg8 62. Rc7 Rb3+ 63. Kc4 Nd2+ 64. Kd5 f3 65. Ne7+ Kf8 66.
Ng6+ Ke8 67. Re7+ Kd8 68. Rf7 Rb5+ 1-0

[Event "OGD Prinsenstad-toernooi - A groep"]
[Site "Delft"]
[Date "2013.03.29"]
[Round "1.3"]
[White "Schröer, Marcel"]
[Black "Reinderman, Dimitri"]
[Result "0-1"]
[ECO "A80"]
[WhiteElo "2102"]
[BlackElo "2573"]
[PlyCount "76"]
[EventDate "2013.03.29"]
[EventType "swiss"]
[EventRounds "6"]
[EventCountry "NED"]
[Source "DSC"]
[SourceDate "2013.02.04"]
[TimeControl "6000+10"]

1. d4 f5 2. Nc3 Nf6 3. Bf4 e6 4. e3 Bb4 5. Bd3 Bxc3+ 6. bxc3 d6 7. Nf3 Qe7 8. O-O b6 9. a4 Nbd7 10. Re1 O-O 11. a5 Bb7 12. Bg5 Qe8 13. Bb5 a6 14. Bxd7 Nxd7 15. axb6 Nxb6 16. Bf4 Bd5 17. Bg3 Qc6 18. Ra3 a5 19. Nd2 Bxg2 20. f3 Bh3 21. Qe2 e5 22. f4 exd4 23. exd4 a4 24. Qf3 Qxf3 25. Nxf3 Rfe8 26. Rxe8+ Rxe8 27. Kf2 Bg4 28. c4 Bxf3 29. Kxf3 Nxc4 30. Rxa4 Re3+ 31. Kf2 Rc3 32. Ra8+ Kf7 33. Ra7 Rxc2+ 34. Ke1 Ne3 35. Ra3 Nd5 36. Kd1 Rc3 37. Rxc3 Nxc3+ 38. Kc2 Ne2 0-1

[Event "OGD Prinsenstad-toernooi - A groep"]
[Site "Delft"]
[Date "2013.03.29"]
[Round "1.4"]
[White "Andersson, Ulf"]
[Black "Haslinger, Gareth"]
[Result "1-0"]
[ECO "A96"]
[WhiteElo "2562"]
[BlackElo "2088"]
[PlyCount "69"]
[EventDate "2013.03.29"]
[EventType "swiss"]
[EventRounds "6"]
[EventCountry "NED"]
[Source "DSC"]
[SourceDate "2013.02.04"]
[TimeControl "6000+10"]

1. Nf3 f5 2. d4 Nf6 3. g3 e6 4. Bg2 Be7 5. O-O O-O 6. c4 d6 7. Nc3 a5 8. Re1
Ne4 9. Qc2 Nxc3 10. bxc3 Nc6 11. d5 exd5 12. cxd5 Ne5 13. Nd4 Qe8 14. f4 Nc4
15. Qb3 Nb6 16. e4 Qa4 17. Be3 fxe4 18. Bxe4 Bf6 19. Bf2 Bd7 20. Qb1 Kh8 21.
Qd3 Qc4 22. Qf3 g6 23. Ne6 Bxe6 24. dxe6 Qxc3 25. Rac1 Qxf3 26. Bxf3 c5 27. Rb1
Nc4 28. Rxb7 Rac8 29. Bd5 Nb2 30. e7 Rfe8 31. Bf7 Nd3 32. Bxe8 Rxe8 33. Re6 Kg7
34. Rxd6 c4 35. Bd4 1-0

[Event "OGD Prinsenstad-toernooi - A groep"]
[Site "Delft"]
[Date "2013.03.29"]
[Round "1.5"]
[White "Haver, Daan"]
[Black "Van den Doel, Erik"]
[Result "1/2-1/2"]
[ECO "C97"]
[WhiteElo "2081"]
[BlackElo "2552"]
[PlyCount "82"]
[EventDate "2013.03.29"]
[EventType "swiss"]
[EventRounds "6"]
[EventCountry "NED"]
[Source "DSC"]
[SourceDate "2013.02.04"]
[TimeControl "6000+10"]

1. e4 e5 2. Nf3 Nc6 3. Bb5 a6 4. Ba4 Nf6 5. O-O Be7 6. Re1 b5 7. Bb3 d6 8. c3 O-O 9. h3 Na5 10. Bc2 c5 11. d4 Qc7 12. d5 Nc4 13. Nbd2 Nxd2 14. Bxd2 Nd7 15. a4 Nb6 16. axb5 axb5 17. Rxa8 Nxa8 18. Qe2 Bd7 19. Ra1 Nb6 20. b3 c4 21. b4 f5 22. exf5 Bxf5 23. Bxf5 Rxf5 24. Ra5 Qd7 25. Qe4 Rf8 26. Be3 Na4 27. Ra7 Qe8 28. Qg4 Bf6 29. Bg5 Rf7 30. Rxf7 Kxf7 31. Qh5+ Ke7 32. Qxh7 Qf7 33. Qf5 Qxd5 34. Nh4 Nxc3 35. Bxf6+ gxf6 36. Qc8 Ne2+ 37. Kh2 Nd4 38. Qc7+ Ke8 39. Qc8+ Ke7 40. Qc7+ Ke8 41. Qc8+ Ke7 1/2-1/2

[Event "OGD Prinsenstad-toernooi - A groep"]
[Site "Delft"]
[Date "2013.03.29"]
[Round "1.6"]
[White "Haslinger, Stewart"]
[Black "Oudshoorn, Arres"]
[Result "1-0"]
[ECO "B34"]
[WhiteElo "2547"]
[BlackElo "2073"]
[PlyCount "55"]
[EventDate "2013.03.29"]
[EventType "swiss"]
[EventRounds "6"]
[EventCountry "NED"]
[Source "DSC"]
[SourceDate "2013.02.04"]
[TimeControl "6000+10"]

1. e4 c5 2. Nf3 g6 3. d4 cxd4 4. Nxd4 Nf6 5. Nc3 Bg7 6. e5 Ng8 7. Bf4 Nc6 8. Nxc6 bxc6 9. Bc4 Nh6 10. Qd2 Ng4 11. Qe2 h5 12. h3 Nh6 13. g4 hxg4 14. hxg4 Kf8 15. O-O-O a5 16. Qe3 Ng8 17. Rxh8 Bxh8 18. Bxf7 Kxf7 19. e6+ Kf8 20. Bh6+ Nxh6 21. Qxh6+ Bg7 22. Qf4+ Bf6 23. g5 d5 24. gxf6 exf6 25. Qh6+ Ke7 26. Qg7+ Kd6 27. Ne4+ Ke5 28. e7 1-0

[Event "OGD Prinsenstad-toernooi - A groep"]
[Site "Delft"]
[Date "2013.03.29"]
[Round "1.7"]
[White "Voogt, Bob"]
[Black "Kohlweyer, Bernd"]
[Result "0-1"]
[ECO "B51"]
[WhiteElo "2072"]
[BlackElo "2460"]
[PlyCount "214"]
[EventDate "2013.03.29"]
[EventType "swiss"]
[EventRounds "6"]
[EventCountry "NED"]
[Source "DSC"]
[SourceDate "2013.02.04"]
[TimeControl "6000+10"]

1. e4 c5 2. Nf3 d6 3. Bb5+ Nd7 4. Nc3 Ngf6 5. d4 cxd4 6. Qxd4 e5 7. Qd3 h6 8. O-O Be7 9. Be3 a6 10. Bxd7+ Bxd7 11. h3 O-O 12. Rad1 Rc8 13. Nd2 b5 14. a3 Qc7 15. f4 Rfd8 16. Qe2 Qb7 17. Qf2 exf4 18. Qxf4 Be6 19. Bd4 a5 20. Qg3 Ne8 21. Qd3 b4 22. Nd5 Bxd5 23. exd5 Qxd5 24. Bb6 Qxd3 25. cxd3 Rd7 26. Bxa5 bxa3 27. bxa3 d5 28. Bb4 Bxb4 29. axb4 Rb8 30. Rb1 Rdb7 31. Rf5 Nc7 32. Rc1 Ne6 33. Rcf1 Rd7 34. Nf3 f6 35. Re1 Rd6 36. Rb1 Rb5 37. Ne1 Nd4 38. Rf2 Rdb6 39. Rfb2 Kf7 40. Kf2 Nc6 41. Nc2 d4 42. Rb3 h5 43. g3 Ke6 44. Kf3 Kd5 45. Ra3 Ne5+ 46. Kg2 Rc6 47. Rb2 Rc3 48. Rxc3 dxc3 49. Rb3 Nxd3 50. Rxc3 Nxb4 51. Nxb4+ Rxb4 52. Rc7 g5 53. Rh7 Ke4 54. Re7+ Kf5 55. Re2 h4 56. gxh4 Rxh4 57. Kg3 Rb4 58. Rf2+ Ke5 59. Re2+ Kf5 60. Rf2+ Kg6 61. Rf3 Rc4 62. Rd3 Rb4 63. Rc3 Re4 64. Kf3 Kf5 65. Rc5+ Re5 66. Rc6 Rb5 67. Rc3 Kg6 68. Rd3 Kh5 69. Kg3 f5 70. Rd8 Rb3+ 71. Kg2 Rb2+ 72. Kf3 Rb3+ 73. Kg2 Rb6 74. Kf3 Kg6 75. Re8 Rb3+ 76. Kg2 Kf6 77. Re2 Rc3 78. Rb2 Re3 79. Rb5 Rd3 80. Rc5 Ke6 81. Rb5 Rd5 82. Rb8 Ke5 83. Kf3 Rd3+ 84. Kg2 Ke4 85. Re8+ Kf4 86. Re2 Rd5 87. Ra2 Ke4 88. Re2+ Kf4 89. Rb2 Rd3 90. Rf2+ Ke4 91. Re2+ Kd4 92. Re8 f4 93. Rd8+ Ke4 94. Re8+ Kf5 95. Rf8+ Ke6 96. Re8+ Kf7 97. Re5 Kf6 98. Re8 Rd2+ 99. Kg1 Kf5 100. Rg8 f3 101. Rf8+ Ke4 102. Rf7 Rg2+ 103. Kh1 Ke3 104. Rb7 Re2 105. Re7+ Kf4 106. Rg7 Re1+ 107. Kh2 f2 0-1

[Event "OGD Prinsenstad-toernooi - A groep"]
[Site "Delft"]
[Date "2013.03.29"]
[Round "1.8"]
[White "Ducarmon, Quinten"]
[Black "Ducarmon, Renzo"]
[Result "1-0"]
[ECO "D34"]
[WhiteElo "2416"]
[BlackElo "2070"]
[PlyCount "55"]
[EventDate "2013.03.29"]
[EventType "swiss"]
[EventRounds "6"]
[EventCountry "NED"]
[Source "DSC"]
[SourceDate "2013.02.04"]
[TimeControl "6000+10"]

1. d4 d5 2. Nf3 Nf6 3. c4 e6 4. Nc3 c5 5. cxd5 exd5 6. g3 Bd6 7. Bg2 O-O 8. O-O
Nc6 9. Bg5 c4 10. Nxd5 Be6 11. Nxf6+ gxf6 12. Bh6 Re8 13. d5 Ne5 14. Nxe5 fxe5
15. dxe6 Rxe6 16. Be3 Qc7 17. Be4 Rd8 18. Qc2 Bf8 19. Rfd1 Rxd1+ 20. Rxd1 b6
21. Bf5 Rc6 22. Rd7 Qb8 23. Bxh7+ Kh8 24. Bf5 Bb4 25. Qe4 Rc8 26. Qh4+ Kg8 27.
Qh7+ Kf8 28. Qh8# 1-0

[Event "OGD Prinsenstad-toernooi - A groep"]
[Site "Delft"]
[Date "2013.03.29"]
[Round "1.9"]
[White "Oudewaal, Vincent"]
[Black "Peng, Zhaoqin"]
[Result "1-0"]
[ECO "A29"]
[WhiteElo "2059"]
[BlackElo "2385"]
[PlyCount "105"]
[EventDate "2013.03.29"]
[EventType "swiss"]
[EventRounds "6"]
[EventCountry "NED"]
[Source "DSC"]
[SourceDate "2013.02.04"]
[TimeControl "6000+10"]

1. c4 e5 2. g3 Nf6 3. Bg2 d5 4. cxd5 Nxd5 5. Nc3 Nb6 6. Nf3 Nc6 7. O-O Be7 8. d3 O-O 9. Be3 Be6 10. Rc1 Re8 11. Ne4 Bd5 12. Nc3 Bf6 13. h4 h6 14. Qd2 Nd4 15. Bxd4 exd4 16. Nxd5 Nxd5 17. Rc4 c6 18. Re1 Qd6 19. Qc1 Nb6 20. Rc2 Re6 21. Nd2 Rd8 22. Ne4 Qe7 23. Nc5 Re5 24. b4 Nd5 25. Qd2 Bxh4 26. gxh4 Ne3 27. fxe3 dxe3 28. Qc3 Rh5 29. Rf1 Qxh4 30. Rf3 Qh2+ 31. Kf1 Rg5 32. Rxe3 Rxg2 33. Ke1 Qf4 34. Qe5 Rg1+ 35. Kd2 Qxb4+ 36. Qc3 Qb1 37. Rf3 Re8 38. Ne4 Qe1+ 39. Ke3 Qh4 40. Qc4 Qh5 41. Rb2 Re7 42. Kd2 Qa5+ 43. Qb4 Qe5 44. Rc2 f5 45. Rc5 Qa1 46. Qb3+ Kh7 47. Rfxf5 Rxe4 48. dxe4 Qe1+ 49. Kd3 Rg3+ 50. Rf3 Rg2 51. Qc2 Qg1 52. e5 Rg4 53. Rc4 1-0

[Event "OGD Prinsenstad-toernooi - A groep"]
[Site "Delft"]
[Date "2013.03.30"]
[Round "2.1"]
[White "Smeets, Jan"]
[Black "Senders, Mischa"]
[Result "1-0"]
[ECO "B90"]
[WhiteElo "2627"]
[BlackElo "2208"]
[PlyCount "53"]
[EventDate "2013.03.29"]
[EventType "swiss"]
[EventRounds "6"]
[EventCountry "NED"]
[Source "DSC"]
[SourceDate "2013.02.04"]
[TimeControl "6000+10"]

1. e4 c5 2. Nf3 d6 3. d4 cxd4 4. Nxd4 Nf6 5. Nc3 a6 6. Be3 Nbd7 7. g4 h6 8. Qe2 e6 9. h4 h5 10. g5 Ng4 11. g6 Nde5 12. gxf7+ Nxf7 13. O-O-O Qf6 14. Bh3 Nxe3 15. fxe3 Ne5 16. Na4 Ng4 17. Nb6 Rb8 18. Bxg4 hxg4 19. Qxg4 Rh6 20. Nf3 Qd8 21. Nxc8 Rxc8 22. e5 d5 23. Nd4 Qb6 24. Rhf1 a5 25. e4 a4 26. a3 Rc3 27. bxc3 1-0

[Event "OGD Prinsenstad-toernooi - A groep"]
[Site "Delft"]
[Date "2013.03.30"]
[Round "2.2"]
[White "Von Meijenfeldt, Bart"]
[Black "L'Ami, Erwin"]
[Result "0-1"]
[ECO "B15"]
[WhiteElo "2195"]
[BlackElo "2615"]
[PlyCount "36"]
[EventDate "2013.03.29"]
[EventType "swiss"]
[EventRounds "6"]
[EventCountry "NED"]
[Source "DSC"]
[SourceDate "2013.02.04"]
[TimeControl "6000+10"]

1. e4 c6 2. d4 d5 3. Nc3 b5 4. a3 dxe4 5. Nxe4 Bf5 6. Ng3 Bg6 7. Nh3 e6 8. Nf4
Bd6 9. h4 Bxf4 10. Bxf4 h6 11. c3 Nf6 12. a4 bxa4 13. h5 Bh7 14. Rxa4 O-O 15.
Bd3 Bxd3 16. Qxd3 Nbd7 17. O-O Nc5 18. Qc2 Nxa4 0-1

[Event "OGD Prinsenstad-toernooi - A groep"]
[Site "Delft"]
[Date "2013.03.30"]
[Round "2.3"]
[White "Reinderman, Dimitri"]
[Black "Padurariu, Smaranda"]
[Result "1-0"]
[ECO "A18"]
[WhiteElo "2573"]
[BlackElo "2201"]
[PlyCount "61"]
[EventDate "2013.03.29"]
[EventType "swiss"]
[EventRounds "6"]
[EventCountry "NED"]
[Source "DSC"]
[SourceDate "2013.02.04"]
[TimeControl "6000+10"]

1. c4 Nf6 2. Nc3 e6 3. e4 d5 4. e5 d4 5. exf6 dxc3 6. bxc3 Qxf6 7. Nf3 e5 8. d4 exd4 9. Bg5 Qe6+ 10. Be2 Be7 11. cxd4 Bxg5 12. Nxg5 Qf6 13. Ne4 Qh4 14. Bf3 O-O 15. O-O Nc6 16. d5 Ne5 17. Rc1 Re8 18. Re1 Bf5 19. Ng3 Nd3 20. Rxe8+ Rxe8 21. Qa4 Qe7 22. Rf1 Nc5 23. Qxa7 Bd3 24. Rd1 Bxc4 25. h3 h6 26. Nf5 Qf8 27. d6 Ne6 28. Ne3 b5 29. dxc7 Rc8 30. Rd7 Kh7 31. Bb7 1-0

[Event "OGD Prinsenstad-toernooi - A groep"]
[Site "Delft"]
[Date "2013.03.30"]
[Round "2.4"]
[White "Barendse, Ted"]
[Black "Andersson, Ulf"]
[Result "1/2-1/2"]
[ECO "E11"]
[WhiteElo "2182"]
[BlackElo "2562"]
[PlyCount "32"]
[EventDate "2013.03.29"]
[EventType "swiss"]
[EventRounds "6"]
[EventCountry "NED"]
[Source "DSC"]
[SourceDate "2013.02.04"]
[TimeControl "6000+10"]

1. d4 Nf6 2. c4 e6 3. Nf3 Bb4+ 4. Bd2 c5 5. g3 Bxd2+ 6. Nbxd2 cxd4 7. Nxd4 Nc6
8. Nxc6 dxc6 9. Bg2 e5 10. O-O O-O 11. Ne4 Nxe4 12. Bxe4 Be6 13. Qc2 f5 14. Bg2
Qe7 15. Qc3 e4 16. Rad1 Rad8 1/2-1/2

[Event "OGD Prinsenstad-toernooi - A groep"]
[Site "Delft"]
[Date "2013.03.30"]
[Round "2.5"]
[White "Vistisen, Lars"]
[Black "Haslinger, Stewart"]
[Result "0-1"]
[ECO "C41"]
[WhiteElo "2172"]
[BlackElo "2547"]
[PlyCount "74"]
[EventDate "2013.03.29"]
[EventType "swiss"]
[EventRounds "6"]
[EventCountry "NED"]
[Source "DSC"]
[SourceDate "2013.02.04"]
[TimeControl "6000+10"]

1. e4 d6 2. d4 Nf6 3. Nc3 e5 4. Nf3 Nbd7 5. b3 c6 6. Bb2 Be7 7. g3 O-O 8. Bg2 b5 9. O-O Re8 10. Re1 Bb7 11. Qd2 Bf8 12. Nd1 Qb6 13. c4 bxc4 14. dxe5 dxe5 15. bxc4 Bb4 16. Nc3 Ba6 17. Bf1 Qc5 18. Qc2 Nb6 19. Nd2 Ng4 20. Nb3 Qe7 21. h3 Nf6 22. a3 Bxc3 23. Bxc3 Bxc4 24. Bxc4 Nxc4 25. Bb4 Qe6 26. Kg2 Nb6 27. Rac1 Rec8 28. Red1 Nxe4 29. Qxe4 Qxb3 30. Qxe5 Nd5 31. Bc5 Re8 32. Qd6 Re6 33. Qd7 Rg6 34. Re1 h6 35. Re8+ Rxe8 36. Qxe8+ Kh7 37. Qxf7 Ne3+ 0-1

[Event "OGD Prinsenstad-toernooi - A groep"]
[Site "Delft"]
[Date "2013.03.30"]
[Round "2.6"]
[White "Kohlweyer, Bernd"]
[Black "Dijkhuis, Tycho"]
[Result "1-0"]
[ECO "A16"]
[WhiteElo "2460"]
[BlackElo "2180"]
[PlyCount "55"]
[EventDate "2013.03.29"]
[EventType "swiss"]
[EventRounds "6"]
[EventCountry "NED"]
[Source "DSC"]
[SourceDate "2013.02.04"]
[TimeControl "6000+10"]

1. c4 Nf6 2. Nc3 g6 3. e4 e5 4. f4 d6 5. Nf3 Nc6 6. d3 Bg7 7. Be2 O-O 8. O-O a6 9. Kh1 Rb8 10. a4 Re8 11. Rb1 Nd4 12. b4 c6 13. b5 Nxe2 14. Nxe2 Bg4 15. h3 Bxf3 16. Rxf3 Nd7 17. Ba3 d5 18. exd5 cxd5 19. cxd5 Nb6 20. d6 exf4 21. Nxf4 Be5 22. Qb3 Bxd6 23. Nxg6 hxg6 24. Qxf7+ Kh8 25. Qxg6 Be5 26. Rf5 Bg7 27. Rh5+ Kg8 28. Rf1 1-0

[Event "OGD Prinsenstad-toernooi - A groep"]
[Site "Delft"]
[Date "2013.03.30"]
[Round "2.7"]
[White "Vereggen, Lars"]
[Black "Ducarmon, Quinten"]
[Result "0-1"]
[ECO "D02"]
[WhiteElo "2138"]
[BlackElo "2416"]
[PlyCount "58"]
[EventDate "2013.03.29"]
[EventType "swiss"]
[EventRounds "6"]
[EventCountry "NED"]
[Source "DSC"]
[SourceDate "2013.02.04"]
[TimeControl "6000+10"]

1. d4 d5 2. Nf3 Nf6 3. g3 Bf5 4. Bg2 e6 5. O-O Nbd7 6. c3 Bd6 7. Nbd2 h6 8. c4 c6 9. b3 O-O 10. Bb2 a5 11. h3 a4 12. Ne5 Bb4 13. Nxd7 Nxd7 14. Nb1 b5 15. c5 axb3 16. Qxb3 Ba5 17. Nc3 e5 18. Nxd5 cxd5 19. Qxd5 Rc8 20. c6 Be6 21. cxd7 Bxd5 22. dxc8=Q Qxc8 23. Bxd5 Qc2 24. Ba3 Rd8 25. e4 exd4 26. Rfd1 d3 27. Rac1 Qe2 28. Bc5 Rc8 29. Bb3 d2 0-1

[Event "OGD Prinsenstad-toernooi - A groep"]
[Site "Delft"]
[Date "2013.03.30"]
[Round "2.8"]
[White "Gieben, Stijn"]
[Black "L'Ami-Motoc, Alina"]
[Result "0-1"]
[ECO "B90"]
[WhiteElo "2035"]
[BlackElo "2381"]
[PlyCount "44"]
[EventDate "2013.03.29"]
[EventType "swiss"]
[EventRounds "6"]
[EventCountry "NED"]
[Source "DSC"]
[SourceDate "2013.02.04"]
[TimeControl "6000+10"]

1. e4 c5 2. Nf3 d6 3. d4 cxd4 4. Nxd4 Nf6 5. Nc3 a6 6. a4 e5 7. Nf3 Be7 8. Bc4
O-O 9. O-O Be6 10. Qe2 Qc7 11. Bxe6 fxe6 12. Rd1 Nc6 13. Qc4 Qd7 14. b4 Rac8
15. Qb3 Nh5 16. Be3 Nf4 17. Bxf4 Rxf4 18. Rd3 Bf6 19. a5 Rxf3 20. gxf3 Nd4 21.
Rxd4 exd4 22. Ne2 d3 0-1

[Event "OGD Prinsenstad-toernooi - A groep"]
[Site "Delft"]
[Date "2013.03.30"]
[Round "2.9"]
[White "Ootes, Lars"]
[Black "Beerdsen, Thomas"]
[Result "1-0"]
[ECO "B94"]
[WhiteElo "2350"]
[BlackElo "2116"]
[PlyCount "81"]
[EventDate "2013.03.29"]
[EventType "swiss"]
[EventRounds "6"]
[EventCountry "NED"]
[Source "DSC"]
[SourceDate "2013.02.04"]
[TimeControl "6000+10"]

1. e4 c5 2. Nf3 d6 3. d4 cxd4 4. Nxd4 Nf6 5. Nc3 a6 6. Bg5 Nbd7 7. Bc4 e6 8. Qd2 Nc5 9. f3 b5 10. Bb3 Bb7 11. O-O-O Be7 12. h4 O-O 13. Kb1 b4 14. Na4 Qa5 15. a3 Nxa4 16. axb4 Qb6 17. Bxa4 Rfc8 18. Be3 d5 19. Nc6 Qc7 20. Nxe7+ Qxe7 21. e5 Ne8 22. h5 Nc7 23. Bc5 Qd8 24. Rh3 a5 25. bxa5 Na6 26. Bb6 Qe7 27. c3 Nc5 28. Bc2 Nd7 29. Qd3 Nf8 30. f4 Rc6 31. g4 Ba6 32. Qe3 Nd7 33. Bd4 Nc5 34. f5 Rb8 35. f6 Qf8 36. fxg7 Qe7 37. Bxc5 Rxc5 38. Qh6 Rxb2+ 39. Kxb2 Rb5+ 40. Kc1 Qa3+ 41. Kd2 1-0

[Event "OGD Prinsenstad-toernooi - A groep"]
[Site "Delft"]
[Date "2013.03.30"]
[Round "3.1"]
[White "Ducarmon, Quinten"]
[Black "Smeets, Jan"]
[Result "0-1"]
[ECO "C45"]
[WhiteElo "2416"]
[BlackElo "2627"]
[PlyCount "92"]
[EventDate "2013.03.29"]
[EventType "swiss"]
[EventRounds "6"]
[EventCountry "NED"]
[Source "DSC"]
[SourceDate "2013.02.04"]
[TimeControl "6000+10"]

1. e4 e5 2. Nf3 Nc6 3. d4 exd4 4. Nxd4 Bc5 5. Nb3 Bb4+ 6. c3 Be7 7. c4 Nf6 8. Nc3 Bb4 9. Bd3 Ne5 10. O-O Bxc3 11. bxc3 d6 12. Bf4 c5 13. Bxe5 dxe5 14. Nxc5 O-O 15. Nb3 Qc7 16. Qe2 Be6 17. c5 Bxb3 18. axb3 Qxc5 19. Rac1 Rfd8 20. b4 Qb6 21. Rfd1 g6 22. Bc4 Rxd1+ 23. Rxd1 Rc8 24. Qa2 Nxe4 25. Bxf7+ Kf8 26. Bg8 Rc7 27. Rd8+ Kg7 28. Bb3 Rxc3 29. Rd7+ Kh6 30. h4 Qf6 31. Bd1 Qxh4 32. Qf7 Qf4 33. Qxh7+ Kg5 34. Qe7+ Qf6 35. f4+ Kxf4 36. Qe8 Kg5 37. Rf7 Nd6 38. Rxf6 Nxe8 39. Re6 Nf6 40. Rxe5+ Kf4 41. Re6 Rc6 42. Re1 Rc1 43. Rf1+ Ke5 44. b5 Ne4 45. Kh2 Nc3 46. Re1+ Kd6 0-1

[Event "OGD Prinsenstad-toernooi - A groep"]
[Site "Delft"]
[Date "2013.03.30"]
[Round "3.2"]
[White "L'Ami, Erwin"]
[Black "Ootes, Lars"]
[Result "1-0"]
[ECO "E94"]
[WhiteElo "2615"]
[BlackElo "2350"]
[PlyCount "79"]
[EventDate "2013.03.29"]
[EventType "swiss"]
[EventRounds "6"]
[EventCountry "NED"]
[Source "DSC"]
[SourceDate "2013.02.04"]
[TimeControl "6000+10"]

1. d4 Nf6 2. c4 g6 3. Nc3 Bg7 4. e4 d6 5. Nf3 O-O 6. Be2 e5 7. O-O Nbd7 8. Be3
Re8 9. d5 Nh5 10. g3 Bf8 11. Ne1 Ng7 12. Nd3 f5 13. f3 Be7 14. Qd2 Nf6 15. c5
fxe4 16. fxe4 Bh3 17. Rf2 Ng4 18. Bxg4 Bxg4 19. c6 bxc6 20. dxc6 Rf8 21. Rxf8+
Bxf8 22. Nd5 Be6 23. Qa5 Ne8 24. Rf1 a6 25. h4 Bf7 26. Nf2 Be6 27. Qd2 Qb8 28.
Nd1 a5 29. Rxf8+ Kxf8 30. Bh6+ Kg8 31. Qf2 Ng7 32. Qf6 Qf8 33. Bxg7 Qxf6 34.
Bxf6 Kf7 35. Bg5 Rb8 36. Nxc7 Bxa2 37. Nd5 Rc8 38. N1c3 Bc4 39. c7 Ke6 40. Bd8
1-0